 Dungeon Crawl Stone Soup version 0.27-a0-1500-g450c7e4133 (webtiles) character file.

Game seed: 4192725856844683449

11 lunkers the Insei (level 2, -6/23 HPs)
             Began as a Djinni Warper on July 7, 2021.
             Frozen to death by an endoplasm (7 damage)
             ... on level 2 of the Dungeon.
             The game lasted 00:01:15 (1174 turns).

lunkers the Insei (Djinni Warper)                   Turns: 1174, Time: 00:01:16

Health: -6/23      AC:  4    Str: 10    XL:     2   Next: 35%
Gold:   18         EV: 11    Int: 14    God:
                   SH:  0    Dex: 12

rFire    + + .     SeeInvis .     - Unarmed
rCold    x . .     Faith    .   (no shield)
rNeg     . . .     Spirit   .   d - +0 troll leather armour
rPois    ∞         Reflect  .   (no helmet)
rElec    .         Harm     .   (no cloak)
rCorr    .         Rampage  .   (no gloves)
Will     .....                  (boots unavailable)
Stlth    +.........             (no amulet)
HPRegen  1.07/turn              (no ring)
MPRegen  0.00/turn              (no ring)

@: flying
A: sickness immunity, fire resistance 2, cold vulnerability 1, float, innate
caster, hp casting, extra vitality 1
a: no special abilities


You were on level 2 of the Dungeon.
You visited 1 branch of the dungeon, and saw 2 of its levels.

You collected 18 gold pieces.

Inventory:

Missiles
 c - 5 boomerangs of dispersal
Armour
 a - a +0 leather armour
 d - a +0 troll leather armour (worn)
 e - a +0 leather armour of cold resistance
Scrolls
 b - a scroll of blinking


   Skills:
 - Level 2.0 Fighting
 - Level 0.7 Throwing
 - Level 1.0 Armour
 - Level 2.1 Dodging
 * Level 2.6 Unarmed Combat
 + Level 2.5 Spellcasting


You couldn't memorise any spells.
You knew the following spells:

 Your Spells              Type           Power      Damage    Failure   Level
b - Lesser Beckoning      Tloc           4%         N/A       32%         3
c - Gell's Gravitas       Tloc           4%         N/A       32%         3
d - Teleport Other        Tloc           9%         N/A       32%         3
e - Manifold Assault      Tloc           9%         N/A       96%         5
p - Blink                 Tloc           N/A        N/A       16%         2
Your spell library was empty.

Dungeon Overview and Level Annotations

Branches:
Dungeon (2/15)

Altars:

Annotations:
D:2 1 runed translucent door, Crazy Yiuf, Natasha


Innate Abilities, Weirdness & Mutations

You are immune to sickness and miasma.
You are immune to poison.
Your flesh is very heat resistant. (rF++)
You are vulnerable to cold. (rC-)
You float through the air rather than walking.
You learn spells naturally, not from books.
Your magical power is your life essence.
You have superior vitality. (+4 HP)


Message History

The magic dart hits you.
You hit the crimson imp but do no damage.
The crimson imp hits you. Natasha closely misses you.
You barely miss the crimson imp. The crimson imp hits you.
Natasha claws you but does no damage.
You hit the crimson imp.
The crimson imp is moderately wounded.
The crimson imp completely misses you. The endoplasm freezes you.
You are frozen!
You feel a terrible chill!
You hit the crimson imp.
The crimson imp is moderately wounded.
Natasha stares at you and mumbles some strange words.
The magic dart hits you.
* * * LOW HITPOINT WARNING * * *
The crimson imp misses you. The endoplasm freezes you.
You are frozen.
* * * LOW HITPOINT WARNING * * *
You aren't carrying any items that you can evoke.
Unknown command.
You aren't carrying any potions.
You hit Natasha.
Natasha is heavily wounded.
Natasha closely misses you. The crimson imp hits you.
* * * LOW HITPOINT WARNING * * *
The endoplasm hits you but does no damage.
You hit Natasha.
Natasha is severely wounded.
Natasha completely misses you. The crimson imp barely misses you.
The endoplasm freezes you.
You are frozen.
You feel a terrible chill!
* * * LOW HITPOINT WARNING * * *
You closely miss Natasha.
Natasha is severely wounded.
Natasha barely misses you. The crimson imp hits you.
* * * LOW HITPOINT WARNING * * *
The endoplasm freezes you.
You are frozen!
You feel a terrible chill!
You die...

### ... #>.
###.######
#........#
#........##
+5hJ.......
#.@......#
+........+ #.#
#........#
#.#########.######
#.#.........#
#.#.######..#
#.#(#....#.....
#.#.##.#.#.#####
#.#......#.#


You could see Natasha, a crimson imp (summoned) and an endoplasm.

Vanquished Creatures
  An endoplasm (D:1)
  A hobgoblin (D:2)
  2 jackals (D:1)
  2 bats
  A frilled lizard (D:1)
  A goblin (D:2)
  A kobold (D:1)
  2 rats (D:1)
11 creatures vanquished.

Notes
Turn   | Place    | Note
-------+----------+-------------------------------------------
     0 | D:1      | lunkers the Djinni Warper began the quest for the Orb.
     0 | D:1      | Reached XP level 1. HP: 18/18 MP: 0/0
   874 | D:1      | Reached XP level 2. HP: 23/23 MP: 0/0
  1042 | D:2      | Found a runed translucent door.
  1043 | D:2      | Noticed Crazy Yiuf
  1163 | D:2      | Noticed Natasha
  1166 | D:2      | Noticed a crimson imp
  1174 | D:2      | HP: 1/23 [crimson imp[Natasha] (4)]
  1174 | D:2      | Frozen to death by an endoplasm

Illustrated notes

Levels and vault maps discovered:
D:1:      ncdulo_smallfort, layout_basic
D:2:      layout_basic, basic_altar, basic_ecumenical_altar,
          chequers_serial_rivers_micro_a, uniq_natasha, uniq_crazy_yiuf_cottage

Action                   || total
-------------------------++-------
Melee: Unarmed           ||    62
Armor: Troll leather arm ||    29
       Leather armour    ||     1
Dodge: Dodged            ||    39

Table legend: (Time is in decaauts)
 A = Elapsed time spent in this place.
 B = Non-inter-level travel time spent in this place.
 C = Inter-level travel time spent in this place.
 D = Time resting spent in this place.
 E = Time spent auto-exploring this place.
 F = Levels seen in this place.
 G = Mean time per level.
                   A        B        C        D        E       F      G
               +--------+--------+--------+--------+--------+-----+--------+
         Total |   1171 |   1146 |     25 |      0 |   1005 |   2 |  585.5 |
       Dungeon |   1171 |   1146 |     25 |      0 |   1005 |   2 |  585.5 |
               +--------+--------+--------+--------+--------+-----+--------+

Top non-repeatable levels by time:
     D:1: 997 daAuts
     D:2: 174 daAuts
